Map: Moonlight Madness LE (Void)

Players

CunningStunt

  • Race: Protoss Protoss
  • League: Gold

Taju - Winner!

  • Race: Terran Terran
  • League: Gold

VOD

Have the link to the VOD?

Description

Time

  • Played on: Sept. 5, 2015, 4:35 a.m.
  • Length: 17:46
Show
View Real Time Build Order
Export as new Build Order

CunningStunt Protoss 

Build Orders: 1 Gate Expand 

Get SALT Encoding   

  12  0:00  Probe (Chrono Boost)  
  13  0:11  Probe (Chrono Boost)  
  14  0:19  Pylon  
  14  0:23  Probe (Chrono Boost)  
  15  0:36  Probe (Chrono Boost)  
  15  0:42  Gateway  
  16  0:46  Probe (Chrono Boost)  
  17  0:55  Assimilator  
  17  0:56  Assimilator  
  17  0:57  Probe (Chrono Boost)  
  18  1:07  Probe (Chrono Boost)  
  19  1:17  Probe (Chrono Boost)  
  20  1:27  Probe (Chrono Boost)  
  21  1:41  Nexus  
  21  1:43  Probe (Chrono Boost)  
  22  1:52  Pylon  
  22  1:55  Probe (Chrono Boost)  
  23  2:09  Cybernetics Core  
  23  2:10  Probe (Chrono Boost)  
  24  2:25  Probe (Chrono Boost)  
  23  2:45  Adept (Chrono Boost)  
  23  2:48  Warp Gate  
  23  2:50  Mothership Core  
  25  3:11  Probe  
  26  3:13  Probe  
  27  3:23  Probe (Chrono Boost)  
  27  3:24  Probe (Chrono Boost)  
  29  3:27  Robotics Facility  
  29  3:34  Probe (Chrono Boost)  
  30  3:36  Probe (Chrono Boost)  
  30  3:50  Probe x2 (Chrono Boost)  
  32  4:00  Probe x2 (Chrono Boost)  
  34  4:07  Gateway  
  34  4:10  Gateway, Probe (Chrono Boost)  
  34  4:12  Probe (Chrono Boost)  
  34  4:13  Pylon  
  36  4:20  Probe (Chrono Boost)  
  36  4:22  Probe (Chrono Boost)  
  38  4:35  Probe x2 (Chrono Boost)  
  40  4:39  Observer  
  40  4:45  Gateway, Probe x2 (Chrono Boost)  
  41  4:50  Pylon  
  43  4:55  Probe (Chrono Boost)  
  43  4:56  Probe (Chrono Boost)  
  43  4:59  Warp Prism, Assimilator  
  45  5:06  Probe x2 (Chrono Boost)  
  49  5:07  Assimilator  
  49  5:20  Nexus  
  49  5:21  Probe x2 (Chrono Boost)  
  49  5:22  Pylon  
  51  5:31  Probe x2 (Chrono Boost)  
  53  5:37  Observer (Chrono Boost)  
  53  5:55  Stalker x3  
  59  6:03  Probe  
  59  6:05  Probe  
  61  6:18  Probe, Observer (Chrono Boost)  
  62  6:20  Probe  
  60  6:28  Probe  
  60  6:30  Adept x2  
  60  6:31  Adept  
  60  6:32  Probe  
  68  6:38  Probe  
  68  6:39  Twilight Council  
  68  6:41  Immortal (Chrono Boost)  
  68  6:42  Pylon  
  68  6:43  Probe  
  68  6:44  Probe  
  75  6:48  Probe  
  75  6:53  Probe  
  75  6:56  Probe  
  77  7:05  Stalker  
  77  7:06  Stalker x3  
  77  7:16  Probe  
  77  7:17  Probe  
  64  7:38  Nexus  
  64  7:41  Pylon  
  64  7:44  Probe  
  64  7:46  Probe  
  62  7:55  Probe  
  63  7:58  Probe  
  63  8:00  Immortal (Chrono Boost)  
  63  8:05  Probe  
  68  8:11  Probe  
  70  8:15  Probe  
  70  8:18  Gateway  
  71  8:21  Gateway  
  71  8:23  Probe  
  71  8:25  Gateway, Probe  
  72  8:27  Pylon  
  73  8:35  Probe  
  73  8:36  Forge  
  73  8:37  Probe  
  73  8:38  Forge  
  73  8:39  Shield Upgrade, Pylon  
  75  8:47  Probe x2  
  76  8:50  Templar Archives  
  76  8:53  Sentry x4  
  85  8:58  Probe x2  
  85  8:59  Probe  
  88  9:06  Immortal (Chrono Boost)  
  92  9:10  Protoss Ground Weapons Level 1  
  92  9:11  Probe x2  
  92  9:12  Probe, Protoss Ground Armor Level 1  
  95  9:27  Adept  
  93  9:43  Charge  
  89  9:46  Stalker  
  89  9:47  Stalker x5  
  95  10:08  Probe x2  
  95  10:10  Probe  
  98  10:18  Probe  
  99  10:22  Probe  
  99  10:26  Probe  
  101  10:28  Probe  
  101  10:31  High Templar x6  
  101  10:34  Probe  
  115  10:36  Probe  
  115  10:38  Probe  
  117  10:50  Pylon  
  117  10:51  Pylon  
  117  11:01  Probe  
  117  11:02  Immortal (Chrono Boost)  
  110  11:05  Adept x4  
  110  11:06  Adept  
  100  11:21  Probe, High Templar x2  
  100  11:23  Probe  
  102  11:30  Probe  
  102  11:31  Probe  
  101  11:35  Probe  
  101  11:39  Immortal (Chrono Boost)  
  107  11:40  Probe  
  108  11:48  Probe  
  108  11:50  Probe x2  
  108  11:53  Assimilator  
  111  11:54  Assimilator  
  111  11:58  Probe  
  111  12:01  Probe  
  112  12:02  Probe  
  114  12:09  Stalker x3  
  114  12:10  Stalker x2  
  124  12:21  Nexus  
  124  12:22  Pylon  
  124  12:25  Pylon  
  124  12:26  Protoss Ground Weapons Level 2  
  124  12:27  Protoss Ground Armor Level 2  
  124  12:28  Pylon  
  124  12:36  High Templar  
  116  12:38  Zealot x4  
  116  12:39  Zealot x2  
  104  12:55  Immortal (Chrono Boost)  
  108  12:59  Zealot x4  
  108  13:00  Zealot x2  
  120  13:21  Pylon  
  120  13:25  Pylon, High Templar x2  
  120  13:26  High Templar x2  
  128  13:27  Zealot x2  
  128  13:28  Zealot  
  128  13:31  Immortal (Chrono Boost)  
  138  13:37  Pylon  
  138  13:39  Pylon  
  138  13:42  Pylon  
  138  13:45  Pylon  
  138  13:46  Assimilator  
  138  13:47  Pylon, Assimilator  
  138  13:54  Pylon  
  138  13:56  Pylon  
  138  13:58  High Templar x2  
  138  13:59  High Templar  
  138  14:00  Zealot x4  
  152  14:04  Warp Prism (Chrono Boost)  
  152  14:26  Archon x2  
  116  14:32  Archon  
  86  14:41  High Templar x4  
  86  14:43  Immortal (Chrono Boost)  
  86  14:45  Zealot x2  
  88  14:46  Zealot  
  81  15:14  Adept x5  
  81  15:15  Adept x2  
  60  15:35  Immortal (Chrono Boost)  
  46  15:37  High Templar  
  46  15:38  High Templar x2  
  46  15:39  Zealot  
  46  15:40  Zealot x3  
  62  15:48  Gateway  
  62  15:49  Gateway  
  62  15:51  Gateway  
  62  15:55  Gateway  
  62  16:05  Zealot x2  
  62  16:06  Zealot x2  
  62  16:11  Immortal (Chrono Boost)  
  70  16:16  High Templar  
  70  16:17  High Templar  
  78  16:18  Zealot  
  78  16:19  Archon  
  80  16:32  Stalker x4  
  88  16:48  High Templar  
  88  16:49  Zealot  
  88  16:50  Zealot x4  
  100  16:59  Gateway  
  100  17:02  Gateway  
  100  17:04  Gateway  
  100  17:13  Nexus  
  100  17:24  Dark Shrine  
Show
View Real Time Build Order
Export as new Build Order

Taju Terran - Winner!

Build Orders: Reaper Expand, MMM Bio 

Get SALT Encoding   

  12  0:02  SCV  
  13  0:14  Supply Depot  
  13  0:17  SCV  
  14  0:29  SCV  
  15  0:38  Barracks  
  15  0:41  SCV  
  16  0:46  Refinery  
  16  0:53  SCV  
  17  1:05  SCV  
  18  1:20  SCV  
  19  1:30  Reaper  
  19  1:32  Orbital Command  
  20  1:35  Engineering Bay  
  20  1:59  Command Center  
  20  2:03  Barracks Reactor  
  20  2:12  SCV  
  21  2:23  Factory  
  21  2:45  SCV, Marine  
  23  2:54  Marine  
  23  3:10  SCV  
  23  3:11  Orbital Command  
  24  3:14  Bunker  
  24  3:15  Widow Mine  
  24  3:19  Starport, Marine  
  26  3:20  Marine  
  26  3:21  Engineering Bay  
  26  3:23  SCV  
  29  3:28  Refinery  
  29  3:29  Supply Depot  
  29  3:42  SCV  
  29  3:43  SCV  
  29  3:46  Widow Mine  
  32  3:49  Marine x2  
  32  3:54  SCV  
  32  3:55  Bunker  
  35  3:57  Medivac  
  37  4:03  Supply Depot  
  37  4:06  SCV  
  38  4:11  Supply Depot  
  38  4:14  Widow Mine  
  38  4:15  Marine x2  
  42  4:19  Barracks  
  42  4:22  SCV x2  
  42  4:23  Barracks  
  44  4:34  SCV  
  45  4:41  Marine, Medivac  
  45  4:42  Marine  
  45  4:43  Terran Infantry Weapons Level 1  
  49  4:54  Command Center  
  49  4:56  Widow Mine  
  49  4:58  SCV x2  
  53  5:01  Marine x2  
  55  5:10  SCV  
  56  5:16  Medivac  
  56  5:17  Barracks Tech Lab x2  
  56  5:19  Marine  
  56  5:20  Marine  
  60  5:24  SCV x2  
  60  5:25  Missile Turret  
  62  5:53  Combat Shields, Marauder x2, Marine x2  
  62  5:55  Starport Reactor  
  64  6:19  Marine x2, Marauder x2  
  64  6:23  Orbital Command  
  64  6:24  Widow Mine  
  72  6:28  Stimpack  
  72  6:29  SCV x2  
  72  6:31  Refinery  
  74  6:34  Engineering Bay  
  74  6:39  Marine x2  
  76  6:40  Marauder  
  76  6:41  Barracks  
  76  6:42  Barracks  
  76  6:43  Barracks  
  76  6:46  Medivac  
  80  6:48  Marauder  
  80  6:49  Orbital Command  
  82  7:10  Marauder x2  
  82  7:12  SCV x2  
  82  7:15  SCV  
  89  7:17  Supply Depot  
  89  7:18  Supply Depot  
  83  7:24  SCV x2  
  75  7:33  Barracks Tech Lab  
  75  7:34  Marine  
  75  7:35  Barracks Tech Lab, Marauder x2  
  76  7:41  Armory  
  76  7:45  SCV x3  
  76  7:48  Supply Depot  
  76  7:49  Barracks Reactor, Terran Infantry Armor Level 1  
  79  7:52  Supply Depot  
  79  7:55  Concussive Shells  
  79  7:57  Marauder, Marine x2  
  79  7:58  Marauder, Marine  
  84  8:07  Refinery  
  84  8:09  Supply Depot  
  84  8:15  Command Center  
  84  8:23  Marauder x4  
  84  8:25  Medivac  
  94  8:31  Refinery  
  94  8:39  Medivac  
  96  8:43  Barracks  
  96  8:52  Marauder x3  
  96  8:53  Marauder  
  104  8:56  Supply Depot  
  104  8:59  Missile Turret  
  104  9:02  Terran Infantry Weapons Level 2  
  104  9:05  SCV  
  104  9:08  Refinery  
  105  9:15  Medivac  
  105  9:16  Factory Reactor  
  107  9:20  Marauder x2, Marine x5  
  116  9:24  Supply Depot  
  116  10:06  Marauder x3  
  122  10:08  Barracks Reactor, Terran Infantry Armor Level 2  
  122  10:12  Viking x2  
  122  10:14  Ghost Academy  
  126  10:16  Starport, Terran Vehicle Weapons Level 1  
  126  10:17  Marauder, Marine x4  
  132  10:22  Orbital Command  
  132  10:39  Command Center  
  124  10:43  Marauder x4  
  124  10:44  Viking  
  124  10:45  Viking  
  124  10:48  Personal Cloaking  
  112  11:04  Marauder  
  112  11:06  Marauder x3  
  112  11:08  Medivac x2  
  105  11:21  Marine x2  
  103  11:26  Marauder  
  103  11:27  Marauder x2  
  103  11:32  Medivac x2  
  105  11:37  SCV x3  
  105  11:38  Orbital Command  
  108  11:49  Barracks  
  108  11:50  Ghost x3  
  108  11:51  Ghost, Barracks  
  108  11:53  Marine x4  
  108  11:54  Marine x2  
  121  11:56  Orbital Command  
  122  12:02  Missile Turret  
  122  12:09  Medivac x2  
  122  12:11  Viking  
  127  12:29  Terran Infantry Weapons Level 3  
  114  12:41  Marauder x2, Marine x2  
  114  12:42  Marauder x2, Marine  
  99  12:57  Medivac x2  
  95  13:02  Ghost  
  97  13:11  Marine x4  
  97  13:12  Marine  
  102  13:13  Terran Infantry Armor Level 3  
  102  13:28  Viking x3  
  102  13:30  Marauder  
  102  13:32  Marauder  
  102  13:33  Marauder  
  114  13:34  Marine x2  
  114  13:35  Marine x3  
  114  13:36  Marauder, Marine  
  114  13:41  Refinery, Missile Turret  
  122  13:53  Ghost x2  
  122  13:54  Command Center, Marine  
  122  13:55  Marine, Marauder  
  130  13:58  Marauder  
  130  14:21  Marauder x2, Marine x3  
  130  14:22  Marauder  
  130  14:23  Marauder  
  120  14:31  Marine x2  
  120  14:32  Marine  
  115  14:39  Marine  
  115  14:42  Ghost x2  
  115  14:44  Marauder x2  
  124  14:53  SCV x2  
  124  14:54  SCV x2  
  124  14:56  SCV  
  129  15:05  Marauder x2  
  127  15:10  Ghost  
  127  15:11  Marauder  
  131  15:16  Marine x6  
  131  15:19  Viking, Medivac x2  
  141  15:26  Ghost x2  
  140  15:32  Marauder  
  133  15:39  Marine  
  133  15:40  Marauder, Marine  
  136  15:53  Ghost, Widow Mine  
  136  15:54  Ghost  
  136  15:55  Medivac x2, Marauder  
  136  15:56  Viking x2  
  152  16:01  Marauder  
  154  16:33  Ghost x4  
  154  16:34  Marine x4  
  154  16:35  Marine  
  167  16:41  Refinery  
  167  16:48  Command Center  
  167  17:00  Viking  
  169  17:01  Ghost  
  169  17:02  Viking, Ghost, Marauder  
Tags
 
Add a new tag
Caveats
  • Supply blocks, unpowered buildings, or Contaminate may cause inaccurate times.
  • Supply counts are checked every 10 seconds.